Map: Abyssal Reef LE

Players

Sevnin - Winner!

  • Race: Protoss Protoss
  • Spawn Location: 5:00

TestingThree (Legho)

  • Race: Zerg Zerg
  • Spawn Location: 11:00

Event: IEM XI Katowice - World Championship 2017

VOD

Have the link to the VOD?

Description

Time

  • Played on: Feb. 27, 2017, 9:21 a.m.
  • Length: 8:02

All games in this series

Show
View Real Time Build Order
Export as new Build Order

Sevnin Protoss - Winner!

Build Orders: 1 Gate Expand 

Get SALT Encoding   

  12  0:00  Probe (Chrono Boost)  
  13  0:11  Probe (Chrono Boost)  
  14  0:18  Pylon  
  14  0:22  Probe (Chrono Boost)  
  15  0:36  Probe (Chrono Boost)  
  15  0:41  Gateway  
  16  0:47  Probe (Chrono Boost)  
  17  0:54  Assimilator  
  17  0:57  Probe (Chrono Boost)  
  18  1:08  Probe (Chrono Boost)  
  19  1:23  Nexus  
  19  1:28  Probe (Chrono Boost)  
  20  1:39  Zealot, Cybernetics Core  
  23  1:48  Probe (Chrono Boost)  
  23  1:53  Pylon  
  23  2:01  Assimilator  
  23  2:12  Adept  
  23  2:13  Warp Gate, Probe (Chrono Boost)  
  26  2:25  Probe (Chrono Boost)  
  27  2:36  Probe (Chrono Boost)  
  29  2:37  Probe (Chrono Boost)  
  31  2:47  Mothership Core (Chrono Boost)  
  31  2:51  Probe (Chrono Boost)  
  32  3:02  Twilight Council  
  32  3:05  Probe x2 (Chrono Boost)  
  34  3:15  Probe (Chrono Boost)  
  34  3:16  Probe (Chrono Boost)  
  36  3:22  Pylon  
  36  3:24  Robotics Facility  
  36  3:26  Probe (Chrono Boost)  
  38  3:28  Probe (Chrono Boost)  
  38  3:34  Stalker  
  38  3:36  Probe (Chrono Boost)  
  38  3:40  Probe (Chrono Boost)  
  41  3:47  Probe (Chrono Boost)  
  42  3:49  Gateway  
  42  3:51  Gateway  
  42  4:10  Probe (Chrono Boost)  
  42  4:11  Immortal  
  42  4:12  Pylon  
  42  4:13  Pylon  
  42  4:16  Probe (Chrono Boost)  
  44  4:21  Probe (Chrono Boost)  
  45  4:25  Gateway  
  45  4:28  Probe (Chrono Boost)  
  46  4:32  Gateway  
  46  4:34  Probe (Chrono Boost)  
  46  4:37  Assimilator  
  46  4:38  Assimilator, Pylon  
  45  4:40  Pylon  
  45  4:41  Probe (Chrono Boost)  
  46  4:46  Adept  
  46  4:49  Warp Prism  
  46  4:50  Adept  
  46  4:51  Probe (Chrono Boost)  
  52  4:53  Probe (Chrono Boost)  
  54  5:06  Probe (Chrono Boost)  
  54  5:09  Gateway, Probe (Chrono Boost)  
  53  5:17  Adept, Dark Shrine, Probe (Chrono Boost)  
  53  5:18  Adept  
  59  5:22  Probe (Chrono Boost)  
  59  5:26  Blink  
  59  5:27  Probe (Chrono Boost)  
  61  5:39  Pylon  
  60  5:49  Pylon  
  60  5:57  Adept  
  60  5:58  Adept x2  
  60  6:01  Gateway  
  60  6:02  Gateway  
  60  6:04  Gateway  
  66  6:07  Gateway  
  66  6:11  Probe (Chrono Boost)  
  67  6:23  Probe (Chrono Boost)  
  68  6:27  Stalker  
  68  6:28  Stalker x3  
  76  6:33  Pylon  
  76  6:34  Pylon  
  76  6:37  Pylon  
  76  6:50  Pylon  
  76  6:53  Stalker x4  
  84  7:10  Stalker  
  84  7:11  Stalker x2  
  90  7:19  Adept  
  90  7:20  Adept  
  88  7:30  Stalker x2  
  88  7:36  Adept  
  94  7:37  Stalker x3  
  94  7:42  Probe (Chrono Boost)  
  101  7:50  Stalker  
Show
View Real Time Build Order
Export as new Build Order

TestingThree Zerg 

Build Orders: Pool First 

Get SALT Encoding   

  12  0:00  Drone  
  13  0:14  Overlord  
  13  0:18  Drone  
  14  0:32  Drone x2  
  16  0:37  Drone  
  17  0:47  Extractor  
  16  0:50  Spawning Pool, Drone  
  16  0:58  Drone  
  17  1:21  Drone x2  
  19  1:39  Hatchery  
  18  1:41  Roach Warren  
  18  1:44  Queen  
  19  2:01  Overlord x2  
  19  2:22  Roach x2  
  23  2:30  Extractor  
  23  2:31  Roach  
  24  2:37  Drone  
  25  2:46  Zergling x2  
  25  2:50  Queen  
  28  2:52  Zergling x4  
  28  2:53  Zergling x2  
  31  2:59  Metabolic Boost  
  31  3:12  Roach  
  33  3:17  Zergling x4  
  33  3:18  Zergling x4  
  37  3:26  Roach  
  37  3:51  Ravager  
  37  3:52  Zergling x2  
  37  3:53  Zergling x8  
  43  3:58  Overlord  
  41  4:14  Zergling x2, Roach x3  
  35  4:24  Zergling x2  
  35  4:25  Zergling x4  
  36  4:40  Zergling x4, Roach x2  
  38  5:00  Zergling x10  
  38  5:10  Drone x3  
  37  5:20  Drone  
  37  5:21  Drone  
  39  5:22  Drone  
  40  5:35  Roach  
  42  5:36  Drone x2  
  42  5:42  Drone  
  45  5:43  Spore Crawler, Drone  
  45  5:50  Drone  
  45  5:51  Drone  
  47  5:59  Drone x3  
  50  6:04  Overlord  
  50  6:05  Drone  
  50  6:07  Drone  
  52  6:11  Overlord  
  52  6:27  Queen  
  52  6:28  Overlord  
  52  6:29  Drone  
  53  6:49  Ravager x2  
  53  6:50  Drone x7  
  62  6:56  Hatchery  
  55  7:30  Overlord  
  55  7:31  Drone x8  
  63  7:38  Extractor  
  63  7:39  Drone  
  63  7:40  Drone x3  

Tags
 
Add a new tag
Caveats
  • Supply blocks, unpowered buildings, or Contaminate may cause inaccurate times.
  • Supply counts are checked every 10 seconds.